[gd_scene load_steps=14 format=2]

[ext_resource path="res://gameplay/entity/creature/Creature.tscn" type="PackedScene" id=1]
[ext_resource path="res://gameplay/property/ai/RandomWalk.tscn" type="PackedScene" id=2]
[ext_resource path="res://gameplay/entity/monster/pursuer/Pursuer.tscn" type="PackedScene" id=3]
[ext_resource path="res://gameplay/property/bumper/Bumper.tscn" type="PackedScene" id=4]
[ext_resource path="res://asset/sprite/experimental.png" type="Texture" id=5]
[ext_resource path="res://gameplay/property/Property.gd" type="Script" id=6]
[ext_resource path="res://gameplay/effect/EnergyEffect.gd" type="Script" id=7]
[ext_resource path="res://gameplay/rule/EnergyResistance.gd" type="Script" id=8]
[ext_resource path="res://gameplay/property/lifeform/Living.tscn" type="PackedScene" id=9]
[ext_resource path="res://gameplay/property/lifeform/Organic.tscn" type="PackedScene" id=10]
[ext_resource path="res://gameplay/ability/Walk.tscn" type="PackedScene" id=11]
[ext_resource path="res://gameplay/common/MovementProfile.gd" type="Script" id=12]

[sub_resource type="Resource" id=1]
resource_local_to_scene = true
resource_name = "MovementProfile"
script = ExtResource( 12 )
mask = 17
operation = 0

[node name="Slime" groups=[
"monster",
] instance=ExtResource( 1 )]
modulate = Color( 0.176471, 0.654902, 0.968627, 1 )
texture = ExtResource( 5 )
region_enabled = true
region_rect = Rect2( 48, 0, 16, 16 )
entity_name = "Slime"
movement_profile = SubResource( 1 )

[node name="Actor" parent="." index="0"]
SPEED = -1

[node name="Destructible" parent="." index="2"]
max_hp = 2

[node name="Bumper" parent="." index="3" instance=ExtResource( 4 )]
INFO = "pseudopod (IMPACT 1)"

[node name="Pursuer" parent="." index="4" instance=ExtResource( 3 )]

[node name="Walk" parent="Pursuer" index="0" instance=ExtResource( 11 )]

[node name="RandomWalk" parent="." index="5" instance=ExtResource( 2 )]

[node name="Walk" parent="RandomWalk" index="0" instance=ExtResource( 11 )]

[node name="Living" parent="." index="6" instance=ExtResource( 9 )]

[node name="Organic" parent="." index="7" instance=ExtResource( 10 )]

[node name="Soft" type="Node2D" parent="." index="9"]
script = ExtResource( 6 )
INFO = "soft (IMPACT res +1)"

[node name="ImpactResistance" type="Node" parent="Soft" index="0"]
script = ExtResource( 8 )
EFFECT_TYPES = [ ExtResource( 7 ) ]
PROCESSES_EFFECT = true
element = 1
